 Dungeon Crawl Stone Soup version 0.30-a0-778-g2ef04afb54 (webtiles) character file.

Game seed: 11743290269807625872

766 Wobber the Changer (level 7, -3/45 HPs)
             Began as an Octopode Transmuter on Feb 16, 2023.
             Slain by an ice beast (9 damage)
             ... on level 5 of the Dungeon.
             The game lasted 00:20:50 (4918 turns).

Wobber the Changer (Octopode Transmuter)            Turns: 4918, Time: 00:20:51

Health: -3/45      AC:  1    Str:  9    XL:     7   Next: 82%
Magic:  20/20      EV: 13    Int: 18    God:
Gold:   243        SH:  7    Dex: 12    Spells: 3/12 levels left

rFire   . . .      SeeInvis .      - Unarmed
rCold   . . .      Faith    .    p - +3 buckler
rNeg    . . .      Spirit   .    (helmet currently unavailable)
rPois   +          Reflect  .    q - amulet of magic regeneration
rElec   .          Harm     .    l - ring of magical power
rCorr   .          Rampage  .    n - ring of poison resistance
Will    .....                    (no ring)
Stlth   ++                       (no ring)
HPRegen 0.27/turn                (no ring)
MPRegen 0.57/turn                (no ring)
                                 (no ring)
                                 (no ring)

@: appendages, wereblooded
A: tentacle spike 3, almost no armour, amphibious, 8 rings, camouflage 1,
gelatinous body 1, (nimble swimmer 1), tentacles
a: End Transformation


You were on level 5 of the Dungeon.
One of your tentacles had grown a beastly spike.
You visited 1 branch of the dungeon, and saw 5 of its levels.

You collected 243 gold pieces.

Inventory:

Hand Weapons
 a - a +0 heavy sling
 m - a +2 whip of electrocution
Missiles
 d - 4 throwing nets
 f - 14 poisoned darts
Armour
 p - a +3 buckler (worn)
Magical Staves
 y - a staff of conjuration
Jewellery
 l - a ring of magical power (left tentacle)
 n - a ring of poison resistance (right tentacle)
 q - an amulet of magic regeneration (around mantle)
 u - a ring of positive energy
Wands
 A - a wand of iceblast (7)
Scrolls
 r - a scroll of identify {unknown}
 v - 2 scrolls of vulnerability
 z - a scroll of fear {unknown}
Potions
 b - a potion of curing
 c - a potion of mutation {unknown}
 e - a potion of haste
 g - a potion of ambrosia {unknown}
 h - a potion of might {unknown}
 i - 2 potions of lignification
 j - a potion of cancellation {unknown}
 k - 3 potions of flight
 s - a potion of attraction {unknown}
 t - a potion of heal wounds {unknown}
 x - a potion of magic {unknown}


   Skills:
 + Level 2.1 Fighting
 + Level 2.8 Dodging
 * Level 2.5 Shields
 - Level 3.0 Unarmed Combat
 - Level 3.1 Spellcasting
 * Level 5.2 Transmutations
 * Level 4.3 Ice Magic


You had 3 spell levels left.
You knew the following spells:

 Your Spells              Type           Power      Damage    Failure   Level
a - Beastly Appendage     Tmut           42%        N/A       2%          1
b - Wereblood             Tmut           21%        N/A       3%          2
c - Ensorcelled Hibernat  Hex/Ice        20%        N/A       13%         2
d - Ice Form              Ice/Tmut       20%        N/A       28%         4

Your spell library contained the following spells:

 Spells                   Type           Power      Damage    Failure   Level
 Passwall                 Tmut/Erth      10%        N/A       11%         2
 Slow                     Hex            8%         N/A       22%         1
 Summon Small Mammal      Summ           8%         N/A       22%         1
 Spider Form              Tmut/Pois      12%        N/A       22%         3
 Sublimation of Blood     Necr           2%         N/A       32%         2
 Call Canine Familiar     Summ           2%         N/A       54%         3
 Confusing Touch          Hex            2%         N/A       54%         3
 Portal Projectile        Hex/Tloc       4%         N/A       54%         3
 Summon Guardian Golem    Hex/Summ       2%         N/A       54%         3
 Swiftness                Air            2%         N/A       54%         3
 Tukima's Dance           Hex            2%         N/A       54%         3
 Vampiric Draining        Necr           2%         2d6       54%         3
 Blade Hands              Tmut           10%        N/A       56%         5
 Summon Hydra             Summ           1%         N/A       100%        7


Dungeon Overview and Level Annotations

Branches:
Dungeon (5/15)
 Temple: D:4-7

Altars:

Shops:
D:1 [

Annotations:
D:3 1 runed translucent door, Crazy Yiuf
D:5 Eustachio


Innate Abilities, Weirdness & Mutations

One of your tentacles has grown a beastly spike.
You cannot wear most types of armour.
You are amphibious.
You can wear up to eight rings at the same time.
Your skin changes colour to match your surroundings (Stealth+).
Your rubbery body absorbs attacks. (AC +1, EV +1)
((You are camouflaged when in or above water. (Stealth+)))
You have tentacles for arms and can constrict up to eight enemies at once.


Message History

The black bear claws you. The black bear misses you.
You tentacle-slap the black bear.
You pierce the black bear, but do no damage.
The black bear is moderately wounded.
You constrict the black bear. The black bear barely misses you.
The black bear misses you.
The black bear claws you but does no damage.
You tentacle-slap the black bear.
The black bear is heavily wounded.
You constrict the black bear. You block the black bear's attack. x2
The black bear claws you.
You tentacle-slap the black bear.
You pierce the black bear.
The black bear is heavily wounded.
You constrict the black bear. The black bear bites you.
The black bear closely misses you. The black bear claws you.
You tentacle-slap the black bear but do no damage.
You pierce the black bear.
You squeeze the black bear.
The black bear is severely wounded.
You constrict the black bear. The black bear bites you.
The black bear closely misses you. The black bear barely misses you.
The ice beast closely misses you.
You tentacle-slap the black bear.
You pierce the black bear.
You feel a bit better.
You kill the black bear!
The ice beast completely misses you.
You tentacle-slap the ice beast. You squeeze the ice beast!
The ice beast is heavily wounded.
The ice beast hits you. The ice beast freezes you!
You tentacle-slap the ice beast.
You pierce the ice beast.
The ice beast is severely wounded.
The ice beast hits you. The ice beast freezes you.
* * * LOW HITPOINT WARNING * * *
You barely miss the ice beast.
You pierce the ice beast, but do no damage.
You squeeze the ice beast, but do no damage.
The ice beast is severely wounded.
The ice beast hits you.
* * * LOW HITPOINT WARNING * * *
The ice beast freezes you!
You die...

#....# . #....#... ...# #....#...
...+ #....#... ...##+## #....#...
.......# #....'...
.......######+###########....#'##
.................Y.........~.P...
................@......♣...P~~PP.
.........................##PP~~PP
........................♣#.P.P~PP
###....########+###..♣~..P..PP♣~P
#....+.....+...#...~.♣....~~~~P
#....#.....#...'.P.~~♣♣...#.~~~
#....#....##..##..~♣~~♣P..#PP♣~
###....#....##. #..♣~~~♣.P.#.PP♣
.......#.....# ##...~~~~♣..+..P~


You could see an ice beast.

Vanquished Creatures
  Duvessa (D:4)
  A black bear (D:5)
  Blork the orc (D:4)
  A necrophage (D:4)
  Dowan (D:4)
  A jelly (D:5)
  A gnoll bouda (D:4)
  2 iguanas (D:4)
  An orc wizard (D:3)
  8 adders
  6 gnolls
  2 ufetubi
  2 dart slugs
  16 orcs
  13 ball pythons
  7 bats
  7 endoplasms
  7 goblins
  8 hobgoblins
  2 jackals (D:3)
  14 kobolds
  5 quokkas
  5 frilled lizards
  5 rats
117 creatures vanquished.

Vanquished Creatures (others)
  2 fungi (D:3)
  35 plants
37 creatures vanquished.

Grand Total: 154 creatures vanquished

Notes
Turn   | Place    | Note
-------+----------+-------------------------------------------
     0 | D:1      | Wobber the Octopode Transmuter began the quest for the Orb.
     0 | D:1      | Reached XP level 1. HP: 13/13 MP: 3/3
   334 | D:1      | Reached XP level 2. HP: 15/18 MP: 3/5
   337 | D:1      | Learned a level 2 spell: Wereblood
   394 | D:1      | Learned a level 2 spell: Ensorcelled Hibernation
   533 | D:1      | Found Eteof's Antique Armour Boutique.
   646 | D:1      | Reached XP level 3. HP: 16/23 MP: 6/6
   903 | D:2      | Reached skill level 1 in Ice Magic
   987 | D:2      | Reached skill level 3 in Transmutations
  1316 | D:2      | Reached XP level 4. HP: 11/28 MP: 7/7
  2101 | D:3      | Reached XP level 5. HP: 28/33 MP: 9/9
  2174 | D:3      | Found a faded altar of an unknown god.
  2881 | D:3      | Found a runed translucent door.
  2882 | D:3      | Noticed Crazy Yiuf
  2991 | D:4      | Reached skill level 4 in Transmutations
  3312 | D:4      | Learned a level 4 spell: Ice Form
  3313 | D:4      | Noticed Blork the orc
  3328 | D:4      | Killed Blork the orc
  3329 | D:4      | Reached XP level 6. HP: 8/38 MP: 10/10
  3832 | D:4      | Reached skill level 1 in Shields
  3899 | D:4      | Noticed Duvessa
  3917 | D:4      | Killed Duvessa
  3918 | D:4      | Reached XP level 7. HP: 10/44 MP: 11/11
  3936 | D:4      | Noticed Dowan
  3951 | D:4      | Killed Dowan
  4336 | D:4      | Reached skill level 5 in Transmutations
  4404 | D:5      | Entered Level 5 of the Dungeon
  4673 | D:5      | Noticed Eustachio
  4918 | D:5      | Slain by an ice beast

Illustrated notes

Levels and vault maps discovered:
D:1:      minmay_arrival_five_plusses, layout_basic, serial_shops,
          nicolae_shop_crystal, columned_hall_lemuel, minmay_misc_feat_five,
          serial_bayou_crossing
D:2:      layout_loops_cross, kennysheep_generic_room_5
D:3:      minmay_razor_zed, layout_basic, dreamdust_ecumenical_altar_grove,
          uniq_crazy_yiuf_cottage
D:4:      wad_pebble_path, layout_loops_ring, minmay_misc_feat_x,
          amcnicky_mini_rare_corridor_liquid, minmay_checkerbox, uniq_duvessa,
          uniq_blork_the_orc
D:5:      layout_gridville, cheibrodos_sewer_entry_bend, serial_bayou,
          serial_bayou_pond_d, serial_bayou_pond_a, serial_bayou_pond_c,
          serial_bayou_lagoon_a, serial_bayou_shore_b, uniq_eustachio

Skill      XL: |  1  2  3  4  5  6  7 |
---------------+----------------------+-----
Ice Magic      | 1 2 3 4 |  4.3
Transmutations | 3 4 5 |  5.2
Spellcasting   | 3 |  3.1
Shields        | 1 2 |  2.5
Fighting       | 2 |  2.1
Dodging        | |  2.8
Unarmed Combat | |  3.0

Action                     |  1- 3 |  4- 6 |  7- 9 || total
---------------------------+-------+-------+-------++-------
  Melee: Unarmed           |    59 |   102 |    65 ||   226
         Kick              |    18 |    44 |    20 ||    82
         Constrict         |    14 |    32 |    14 ||    60
         Tentacles         |    10 |    24 |    20 ||    54
         Punch             |       |     3 |     2 ||     5
   Fire: Sling             |    42 |    61 |     7 ||   110
   Cast: Beastly Appendage |    22 |    34 |     9 ||    65
         Wereblood         |       |    15 |     4 ||    19
    Use: Scroll            |     5 |     6 |     4 ||    15
         Potion            |       |       |     2 ||     2
   Stab: Sleeping          |     3 |     2 |     3 ||     8
 Armour: Skin              |     1 |     3 |     2 ||     6
  Dodge: Dodged            |    50 |    70 |    47 ||   167
  Block: Buckler           |       |     8 |    14 ||    22

Table legend: (Time is in decaauts)
 A = Elapsed time spent in this place.
 B = Non-inter-level travel time spent in this place.
 C = Inter-level travel time spent in this place.
 D = Time resting spent in this place.
 E = Time spent auto-exploring this place.
 F = Levels seen in this place.
 G = Mean time per level.
                   A        B        C        D        E       F      G
               +--------+--------+--------+--------+--------+-----+--------+
         Total |   4962 |   4792 |    170 |    634 |   2798 |   5 |  992.4 |
       Dungeon |   4962 |   4792 |    170 |    634 |   2798 |   5 |  992.4 |
               +--------+--------+--------+--------+--------+-----+--------+

Top non-repeatable levels by time:
     D:4: 1478 daAuts
     D:3: 1193 daAuts
     D:2: 927 daAuts
     D:1: 907 daAuts
     D:5: 456 daAuts
